 Dungeon Crawl Stone Soup version 0.17-a0-2171-ga91b4ec (webtiles) character file.

46805 M4edhros the Covert (level 14, -5/90 HPs)
             Began as an Octopode Artificer on Oct 25, 2015.
             Was the Champion of Jiyva.
             Slain by a spiny frog (24 damage)
             ... on level 8 of the Lair of Beasts on Oct 26, 2015.
             The game lasted 01:16:24 (21254 turns).

M4edhros the Covert (Octopode Artificer)           Turns: 21254, Time: 01:16:24

Health: -5/90      AC: 23    Str:  9    XL:     14   Next: 39%
Magic:  35/35      EV: 16    Int: 17    God:    Jiyva [******]
Gold:   715        SH: 10    Dex: 20    Spells: 4 memorised, 14 levels left

rFire  . . .     SeeInvis +     j - +6 rapier "Ritankud" {pierce, Str+4}
rCold  . . .     Clarity  .     z - +3 buckler {reflect}
rNeg   . . .     SustAt   .     D - +2 hat
rPois  .         Gourm    .     (no amulet)
rElec  .         Spirit   .     B - ring of magical power
rCorr  +         Warding  .     N - +4 ring of protection
rMut   .         Stasis   .     g - ring of Robustness {AC+8}
MR     +....                    m - ring of see invisible
Stlth  ++++++++..               (no ring)
                                (no ring)
                                (no ring)
                                (no ring)

@: somewhat resistant to hostile enchantments, extraordinarily stealthy
A: almost no armour, amphibious, 8 rings, constrict 8, iridescent scales 1,
rugged brown scales 1, thin metallic scales 1, camouflage 1, regeneration 1,
shaggy fur 1, spit poison 1, acidic bite, gelatinous body 1, jelly sensing
items, jelly absorbing missiles
a: Spit Poison, Request Jelly, Jelly Paralyse, Slimify, Cure Bad Mutation,
Renounce Religion


You were on level 8 of the Lair of Beasts.
You worshipped Jiyva.
Jiyva was exalted by your worship.
You were completely stuffed.

You visited 2 branches of the dungeon, and saw 19 of its levels.

You collected 715 gold pieces.

Inventory:

Hand Weapons
 j - the +6 rapier "Ritankud" (weapon) {pierce, Str+4}
   (You found it on level 6 of the Lair of Beasts)

   It inflicts extra damage upon your enemies.
   It affects your strength (+4).
 o - a +7 hunting sling
 C - a +4 spear of freezing
 H - a +1 dagger of venom
Missiles
 q - 734 stones (quivered)
 v - 107 arrows
 I - 13 poisoned arrows
 U - 31 bolts
Armour
 z - a +3 buckler of reflection (worn)
 D - a +2 hat (worn)
 K - a +0 buckler
Jewellery
 g - the ring of Robustness (on tentacle) {AC+8}
   (You found it on level 3 of the Lair of Beasts)

   [ring of protection]

   It affects your AC (+8).
 m - a ring of see invisible (on tentacle)
 B - a ring of magical power (left tentacle)
 N - a +4 ring of protection (right tentacle)
Wands
 b - a wand of flame (0)
 c - a wand of enslavement (18)
 f - a wand of cold (1)
 l - a wand of slowing (22)
 y - a wand of magic darts (10)
 A - a wand of digging (14)
 R - a wand of frost (0)
 S - a wand of frost (4)
Scrolls
 a - a scroll of noise {unknown}
 d - a scroll of brand weapon {unknown}
 n - 2 scrolls of amnesia
 r - 2 scrolls of identify
 s - a scroll of blinking {unknown}
 w - a scroll of holy word
 x - a scroll of vulnerability {unknown}
 J - 2 scrolls of recharging
 P - a scroll of magic mapping
 W - a scroll of random uselessness {unknown}
Potions
 t - a potion of poison
 L - a potion of degeneration
Books
 G - a book of Transfigurations

   Spells                             Type                      Level
   a - Stoneskin                      Transmutation/Earth          2
   b - Irradiate                      Conjuration/Transmutation    5
   c - Statue Form                    Transmutation/Earth          6
   d - Hydra Form                     Transmutation                6
   e - Dragon Form                    Transmutation                7
 O - a book of Enchantments

   Spells                             Type                      Level
   a - Cause Fear                     Hexes                        4
   b - Silence                        Hexes/Air                    5
   c - Deflect Missiles               Charms/Air                   6
   d - Haste                          Charms                       6
   e - Discord                        Hexes                        8
 T - a book of Burglary

   Spells                             Type                      Level
   a - Swiftness                      Charms/Air                   2
   b - Passwall                       Transmutation/Earth          3
   c - Passage of Golubria            Translocation                4
   d - Lee's Rapid Deconstruction     Earth                        5
   e - Darkness                       Hexes                        6
   f - Invisibility                   Hexes                        6
Miscellaneous
 Q - a phial of floods
 V - a lantern of shadows
Comestibles
 e - 5 bread rations
 h - 5 meat rations
 i - 8 fruits
 u - 9 slices of pizza
 F - a beef jerky


   Skills:
 - Level 5.5 Fighting
 + Level 2.4 Short Blades
 + Level 5.3 Polearms
 * Level 5.1 Slings
 + Level 5.6 Dodging
 + Level 14.6 Stealth
 * Level 7.2 Shields
 * Level 8.1 Spellcasting
 + Level 3.8 Charms
 * Level 8.5 Transmutations
 + Level 4.6 Air Magic
 * Level 8.4 Earth Magic
 - Level 10.1 Evocations


You had 14 spell levels left.
You knew the following spells:

 Your Spells              Type           Power        Failure   Level  Hunger
a - Stoneskin             Trmt/Erth      #####...     1%          2    None
b - Statue Form           Trmt/Erth      #####....    50%         6    ######.
c - Swiftness             Chrm/Air       ###.....     2%          2    None
d - Lee's Rapid Deconstr  Erth           #####.....   12%         5    #####..


Dungeon Overview and Level Annotations

Branches:
Dungeon (11/15)            Temple (0/1) D:4            Lair (8/8) D:9
  Swamp (0/4) Lair:6        Snake (0/4) Lair:5        Slime (0/6) Lair:8
    Orc: D:9-12

Altars:
Cheibriados
Dithmenos
Elyvilon
Kikubaaqudgha
Ru
Trog
Xom
Zin
Jiyva

Shops:
D:9 (   D:10 (

Portals:
Trove: D:11 (give horn of Geryon)

Annotations:
Lair:3 Snorg


Innate Abilities, Weirdness & Mutations

You cannot wear most types of armour.
You are amphibious.
You can wear up to eight rings at the same time.
You can use your tentacles to constrict eight enemies at once.
Your skin changes colour to match your surroundings (Stealth).
Your rubbery body absorbs attacks (AC +1).
You are partially covered in iridescent scales (AC +4).
You are partially covered in rugged brown scales (AC +1, +3% HP).
You are partially covered in thin metallic scales (AC +2).
Your natural rate of healing is unusually fast.
You are covered in fur (AC +1).
You can spit weak poison.
You have acidic saliva.
You have a small jelly attached to you that senses nearby items.
You have a small jelly attached to you that may absorb incoming projectiles.


Message History

Press: ? - help, Shift-Dir - straight line, f/p - blink frog
Aim: a blink frog (lightly wounded)
The puff of frost hits the spiny frog.
The spiny frog is heavily wounded.
This wand has 0 charges left.
You constrict the spiny frog, but do no damage.
The spiny frog closely misses you.
The blink frog blinks!
Evoke which item? (* to show all) (? for menu, Esc to quit)
Zapping:
A - a wand of digging (will waste charges)
Press: ? - help, Shift-Dir - straight line, f - you, p - blink frog
Okay, then.
Evoke which item? (* to show all) (? for menu, Esc to quit)
Zapping:
S - a wand of frost (will waste charges)
Press: ? - help, Shift-Dir - straight line, f/p - blink frog
Aim: a blink frog (lightly wounded)
The puff of frost hits the spiny frog.
The spiny frog is severely wounded.
Evoking this partially-identified wand wasted a few charges.
You constrict the spiny frog. The spiny frog stings you!!
You die...

..######..♣♣♣..........
..#...⌠#..♣♣...........
..#....'..♣♣♣♣.J.......
..#.<..'.[♣♣♣..........
..#..÷.†..♣♣...........
..#...⌠#..♣♣♣..........
..######..♣ ♣♣♣........
..........♣ ♣♣(.###.... .
..........♣ ♣.F#@# ......
♣♣♣...♣♣♣♣♣♣♣.SF## ....F
♣♣...♣♣ ♣♣..§#### ....
♣♣.....♣ ♣♣...F(#.# .....
.......♣ ♣....(..##.F....
...P..♣♣#.(...(P......F...
..PP.##
##.(.(.P##..........
......#
###..(.#...........
.....## #######..........


You could see a spiny frog, a blink frog, a water moccasin and a neutral jelly
(fellow slime).

Vanquished Creatures
  Harold (Lair:3)
  3 hydras
  5 griffons
  15 elephants
  9 black mambas
  8 spiny frogs
  The ghost of M4edhros the Charlatan, a novice OpAr of Xom (D:5)
  5 komodo dragons
  2 spriggan druids (Lair:8)
  2 fire drakes
  Grinder (D:4)
  4 polar bears (Lair:8)
  12 blink frogs
  A wyvern (D:8)
  A hungry ghost (D:11)
  10 spriggans (Lair:8)
  12 hippogriffs
  A trapdoor spider (D:11)
  3 redbacks (Lair:8)
  26 yaks
  3 basilisks
  Eustachio (D:5)
  Grum (D:10)
  32 wolves
  10 water moccasins
  2 ogres
  2 ice beasts
  An orc warrior (D:9)
  12 porcupines
  2 sky beasts
  3 wasps (Lair:8)
  6 black bears (Lair:8)
  A phantom (D:4)
  15 crocodiles
  3 centaurs
  A big kobold (D:9)
  10 giant frogs
  3 scorpions
  9 killer bees
  4 wights (D:10)
  4 crimson imps
  5 iguanas
  7 worker ants
  3 orc priests
  8 hounds
  3 orc wizards
  A killer bee zombie (D:9)
  22 sheep
  A hound skeleton (D:4)
  4 adders
  7 gnolls
  69 river rats
  3 shadow imps
  An adder skeleton (D:4)
  4 worms
  4 giant geckos
  38 orcs
  6 giant cockroaches
  10 hobgoblins
  5 jackals
  11 kobolds
  2 ball pythons
  A ball python skeleton (D:4)
  7 bats
  3 giant newts
  A goblin (D:2)
  4 quokkas
  7 rats
484 creatures vanquished.

Vanquished Creatures (collateral kills)
  Gastronok (D:8)
  3 hydras
  Erolcha (D:10)
  A death yak (Lair:6)
  Nergalle (Lair:3)
  An unseen horror (D:10)
  A skeletal warrior (D:10)
  2 elephants (Lair:7)
  2 black mambas
  A torpor snail (Lair:5)
  2 komodo dragons
  A polar bear (Lair:6)
  2 blink frogs (Lair:5)
  2 hippogriffs
  An ogre (D:6)
  A deep elf mage (D:10)
  3 yaks
  2 ice beasts
  2 orc warriors
  3 centaurs
  A sky beast (D:8)
  A crocodile (D:9)
  3 killer bees (D:11)
  A crimson imp (D:6)
  An orc priest (D:7)
  2 iguanas
  An orc wizard (D:4)
  A sheep (D:9)
  A worker ant zombie (D:6)
  A gnoll (D:4)
  An adder skeleton (D:8)
  A giant gecko (D:2)
  2 orcs (D:7)
  A hobgoblin (D:2)
  2 jackals (D:3)
53 creatures vanquished.

Vanquished Creatures (others)
  2 death yaks (Lair:6)
  Maurice (D:9)
  5 elephants (Lair:2)
  A slime creature (D:10)
  A blink frog (Lair:2)
  8 yaks
  4 wolves
  3 water moccasins
  A black bear (D:7)
  A porcupine (Lair:2)
  2 ice beasts
  2 centaurs
  2 ogres (D:7)
  2 crocodiles
  4 giant frogs
  4 scorpions
  8 killer bees
  166 jellies
  3 hounds
  A gnoll shaman (D:7)
  An orc priest (D:7)
  8 orc wizards
  2 hell rats (Lair:2)
  A worker ant (D:6)
  An iguana (Lair:2)
  3 sheep (Lair:2)
  Robin (D:4)
  3 adders
  A worker ant zombie (D:6)
  5 gnolls
  22 river rats
  A shadow imp (D:10)
  A worm (D:2)
  22 orcs
  A ball python (D:4)
  2 bats (D:2)
  A giant cockroach (D:7)
  10 goblins
  3 hobgoblins
  A jackal (D:5)
  A ball python skeleton (D:4)
  2 giant geckos
  4 kobolds
  4 quokkas
  13 rats
  39 bushes (Lair:2)
  45 fungi
  24 plants
443 creatures vanquished.

Grand Total: 980 creatures vanquished

Notes
Turn   | Place    | Note
--------------------------------------------------------------
     0 | D:1      | M4edhros the Octopode Artificer began the quest for the Orb.
     0 | D:1      | Reached XP level 1. HP: 13/13 MP: 3/3
   109 | D:1      | Reached XP level 2. HP: 2/18 MP: 4/4
   487 | D:1      | You fall through a shaft!
   803 | D:2      | Found a faded altar to an unknown god.
   813 | D:2      | Became a worshipper of Jiyva Juoviuh the Shapeless
   813 | D:2      | Reached * piety under Jiyva
   977 | D:2      | Reached XP level 3. HP: 12/23 MP: 5/5
   980 | D:2      | You fall through a shaft!
   980 | D:3      | Found a sacrificial altar of Ru.
  1013 | D:3      | Reached skill level 4 in Evocations
  1106 | D:3      | Reached ** piety under Jiyva
  1310 | D:2      | HP: 1/23 [shot self (12)]
  1562 | D:2      | Reached *** piety under Jiyva
  1647 | D:2      | Gained mutation: Your spells are a little harder to cast, but a little more powerful. [Jiyva's grace]
  1879 | D:1      | Reached XP level 4. HP: 28/28 MP: 7/7
  2005 | D:1      | Reached **** piety under Jiyva
  2601 | D:3      | Gained mutation: Your body is partially covered in golden eyeballs (Acc +3). [Jiyva's grace]
  3062 | D:4      | Noticed a phantom
  3149 | D:4      | Reached skill level 5 in Stealth
  3149 | D:4      | Reached XP level 5. HP: 31/33 MP: 8/8
  3157 | D:4      | Reached skill level 5 in Evocations
  3218 | D:4      | Gained mutation: Your system is resistant to poisons. [Jiyva's grace]
  3229 | D:4      | Reached ***** piety under Jiyva
  3243 | D:4      | Gained mutation: You are resistant to hostile enchantments. [Jiyva's grace]
  3260 | D:4      | Killed Robin
  3267 | D:4      | Reached skill level 6 in Stealth
  3267 | D:4      | Reached XP level 6. HP: 33/38 MP: 10/10
  3297 | D:4      | Lost mutation: Your body is partially covered in golden eyeballs (Acc +3). [Jiyva's grace]
  3416 | D:4      | Killed a phantom
  3431 | D:4      | Reached ****** piety under Jiyva
  3449 | D:4      | Noticed Grinder
  3464 | D:4      | Killed Grinder
  3464 | D:4      | Reached skill level 7 in Stealth
  3736 | D:4      | Found a snail-covered altar of Cheibriados.
  3806 | D:4      | Found a shadowy altar of Dithmenos.
  3808 | D:4      | Found a bloodstained altar of Trog.
  3898 | D:4      | Found a staircase to the Ecumenical Temple.
  3935 | D:5      | Entered Level 5 of the Dungeon
  3954 | D:5      | Noticed M4edhros's ghost (novice OpAr)
  3989 | D:5      | Noticed Eustachio
  4002 | D:5      | Reached XP level 7. HP: 15/43 MP: 11/11
  4024 | D:5      | Killed M4edhros's ghost
  4110 | D:5      | Reached skill level 8 in Stealth
  4190 | D:5      | Found a shimmering altar of Xom.
  4219 | D:5      | Killed Eustachio
  4219 | D:5      | Reached XP level 8. HP: 17/48 MP: 13/13
  4240 | D:5      | Gained mutation: Your natural rate of healing is unusually fast. [potion of beneficial mutation]
  4307 | D:5      | Reached skill level 9 in Stealth
  4800 | D:6      | Gained mutation: You are partially covered in molten scales (AC +1). [Jiyva's grace]
  5081 | D:6      | Reached skill level 10 in Stealth
  5158 | D:6      | Gained mutation: One of your tentacles bears a spike. [Jiyva's grace]
  5397 | D:7      | Found a glowing silver altar of Zin.
  5413 | D:7      | Gained mutation: You are partially covered in thin metallic scales (AC +2). [Jiyva's grace]
  5481 | D:7      | Reached skill level 11 in Stealth
  5481 | D:7      | Reached XP level 9. HP: 12/53 MP: 15/15
  5559 | D:7      | Gained mutation: You are partially covered in iridescent scales (AC +4). [Jiyva's grace]
  5743 | D:7      | Lost mutation: You are resistant to hostile enchantments. [Jiyva's grace]
  5844 | D:7      | Noticed an angel
  6326 | D:8      | Reached skill level 1 in Polearms
  6327 | D:8      | Noticed Gastronok
  6337 | D:8      | Killed Gastronok
  6446 | D:8      | Reached skill level 12 in Stealth
  6446 | D:8      | Reached skill level 10 in Evocations
  6726 | D:8      | Learned a level 2 spell: Stoneskin
  6819 | D:8      | Reached XP level 10. HP: 61/63 MP: 17/17
  6826 | D:8      | Reached skill level 1 in Earth Magic
  7189 | D:8      | Found an ancient bone altar of Kikubaaqudgha.
  7189 | D:8      | Found a sacrificial altar of Ru.
  7307 | D:9      | Reached skill level 1 in Spellcasting
  7307 | D:9      | Reached skill level 1 in Transmutations
  7389 | D:9      | Found a white marble altar of Elyvilon.
  7394 | D:9      | Noticed an elephant
  7395 | D:9      | Found a staircase to the Lair.
  7420 | D:9      | Lost mutation: Your spells are a little harder to cast, but a little more powerful. [Jiyva's grace]
  7534 | D:9      | Noticed Maurice
  7675 | D:9      | Gained mutation: One of your tentacles bears a nasty spike. [Jiyva's grace]
  7853 | D:9      | Killed Maurice
  7860 | D:9      | Gained mutation: You have acidic saliva. [Jiyva's grace]
  7928 | D:9      | Found Amunota's Weapon Emporium.
  8087 | D:9      | Gained mutation: You are resistant to electric shocks. [potion of beneficial mutation]
  8430 | D:10     | Entered Level 10 of the Dungeon
  8438 | D:10     | Found a sacrificial altar of Ru.
  8457 | D:10     | Noticed Grum
  8461 | D:10     | Gained mutation: You have an increased reservoir of magic (+10% MP). [Jiyva's grace]
  8470 | D:10     | Killed Grum
  8515 | D:10     | Noticed an unseen horror
  8742 | D:10     | Noticed Erolcha
  8836 | D:10     | Killed Erolcha
  8836 | D:10     | Reached skill level 5 in Polearms
  8893 | D:10     | Noticed a skeletal warrior
  8965 | D:10     | Gained mutation: You are covered in slimy tendrils that may disarm your opponents. [Jiyva's grace]
  8999 | D:10     | Found a white marble altar of Elyvilon.
  9061 | D:10     | Found Neomirch's Antique Weapon Emporium.
  9135 | D:10     | Killed an unseen horror
  9136 | D:10     | Killed a skeletal warrior
  9136 | D:10     | Reached XP level 11. HP: 20/70 MP: 20/20
  9212 | D:10     | Noticed an unseen horror
  9348 | D:11     | Learned a level 6 spell: Statue Form
  9418 | D:11     | Found a portal to a secret trove of treasure.
  9521 | D:11     | HP: 2/70 [centaur (9)]
  9686 | D:11     | Reached skill level 5 in Fighting
  9690 | D:11     | Reached skill level 5 in Earth Magic
  9704 | D:11     | Lost mutation: You are covered in slimy tendrils that may disarm your opponents. [Jiyva's grace]
  9713 | D:11     | Noticed a centaur warrior
  9807 | Lair:1   | Entered Level 1 of the Lair of Beasts
  9838 | Lair:1   | Reached skill level 13 in Stealth
 10707 | Lair:1   | Reached skill level 1 in Shields
 10755 | Lair:1   | Reached skill level 5 in Transmutations
 11104 | Lair:2   | Reached skill level 5 in Spellcasting
 11310 | Lair:2   | Lost mutation: You are resistant to electric shocks. [Jiyva's grace]
 11417 | Lair:2   | Noticed a seven-headed hydra
 11473 | Lair:2   | Slimified a seven-headed hydra
 11473 | Lair:2   | Noticed an azure jelly
 11473 | Lair:2   | a seven-headed hydra changed into an azure jelly
 11527 | Lair:2   | Gained mutation: One of your tentacles bears a large vicious spike. [Jiyva's grace]
 12006 | Lair:2   | Lost mutation: You have an increased reservoir of magic (+10% MP). [Jiyva's grace]
 12617 | Lair:3   | Noticed a six-headed hydra
 12638 | Lair:3   | Reached XP level 12. HP: 77/77 MP: 20/20
 12645 | Lair:3   | Learned a level 2 spell: Swiftness
 12651 | Lair:3   | Learned a level 5 spell: Lee's Rapid Deconstruction
 12656 | Lair:3   | Noticed Nergalle
 12669 | Lair:3   | Noticed Snorg
 12778 | Lair:2   | Gained mutation: You have a small jelly attached to you that senses nearby items. [Jiyva's grace]
 13312 | Lair:3   | Noticed Harold
 13325 | Lair:3   | Killed Harold
 13335 | Lair:3   | Killed Nergalle
 13335 | Lair:3   | Reached skill level 1 in Air Magic
 13387 | Lair:3   | Lost mutation: One of your tentacles bears a large vicious spike. [Jiyva's grace]
 13517 | Lair:3   | Noticed a death yak
 13570 | Lair:3   | Noticed a death yak
 13574 | Lair:3   | Noticed a death yak
 13980 | Lair:3   | Gained mutation: You are agile. (Dex +2) [Jiyva's grace]
 14041 | Lair:4   | Reached skill level 1 in Charms
 15016 | Lair:5   | Noticed a four-headed hydra
 15094 | Lair:5   | Noticed a four-headed hydra
 15103 | Lair:5   | Killed a four-headed hydra
 15507 | Lair:5   | Killed a four-headed hydra
 15507 | Lair:5   | Reached skill level 1 in Slings
 15507 | Lair:5   | Reached skill level 5 in Shields
 15530 | Lair:5   | Gained mutation: You have a small jelly attached to you that may absorb incoming projectiles. [Jiyva's grace]
 15705 | Lair:5   | Found a staircase to the Snake Pit.
 16179 | Lair:5   | Lost mutation: You are agile. (Dex +2) [Jiyva's grace]
 16252 | Lair:6   | Found a staircase to the Swamp.
 16260 | Lair:6   | Noticed a death yak
 16260 | Lair:6   | Noticed a six-headed hydra
 16392 | Lair:6   | Reached XP level 13. HP: 77/82 MP: 23/23
 16488 | Lair:6   | Noticed a death yak
 16785 | Lair:6   | Lost mutation: You are partially covered in molten scales (AC +1). [Jiyva's grace]
 16802 | Lair:6   | Got a fine rapier
 16803 | Lair:6   | Identified the +6 rapier "Ritankud" {pierce, Str+4} (You found it on level 6 of the Lair of Beasts)
 16825 | Lair:6   | Noticed Rupert
 16836 | Lair:6   | Slimified Rupert
 16836 | Lair:6   | Noticed Rupert
 16836 | Lair:6   | Rupert changed into Rupert the azure jelly
 17001 | Lair:6   | Reached skill level 14 in Stealth
 17104 | Lair:6   | Noticed a death yak
 17155 | Lair:6   | Killed a six-headed hydra
 17175 | Lair:6   | Killed a death yak
 17216 | Lair:6   | Killed a death yak
 17221 | Lair:6   | Gained mutation: You can spit weak poison. [Jiyva's grace]
 17321 | Lair:6   | Killed a death yak
 18043 | Lair:7   | Lost mutation: One of your tentacles bears a nasty spike. [Jiyva's grace]
 18418 | Lair:7   | Reached skill level 5 in Dodging
 19135 | Lair:7   | Gained mutation: You are covered in fur (AC +1). [Jiyva's grace]
 19474 | Lair:8   | Entered Level 8 of the Lair of Beasts
 20107 | Lair:8   | Lost mutation: Your system is resistant to poisons. [Jiyva's grace]
 20342 | Lair:8   | Reached XP level 14. HP: 48/88 MP: 19/25
 20471 | Lair:8   | Found a staircase to the Slime Pits.
 20565 | Lair:8   | Gained mutation: You are partially covered in rugged brown scales (AC +1, +3% HP). [potion of mutation]
 20957 | Lair:8   | Reached skill level 5 in Slings
 21055 | Lair:8   | Lost mutation: One of your tentacles bears a spike. [Jiyva's grace]
 21254 | Lair:8   | Slain by a spiny frog

Vault maps used:
D:1:      evilmike_arrival_run_for_it, columned_hall_lemuel
D:2:      ecumenical_altar_1
D:3:      nicolae_ru_the_path_less_chosen
D:4:      nicolae_overflow_hidden_temple, minmay_temple_entry_enclosed_plants,
          first_bread, minmay_three_crescents, uniq_robin, uniq_grinder
D:5:      basic_altar, guppyfry_early_orc_mine, uniq_eustachio
D:7:      zin_angel, sigmund_army
D:8:      gammafunk_temple_overflow_wave, small_chamber_with_monster,
          uniq_gastronok
D:9:      elyvilon_altar_4, david_lair_generic, serial_shops, shop,
          grunt_pizzeria, uniq_maurice
D:10:     serial_shops, kennysheep_mini_moat, hangedman_feature_mirror,
          spider_trap, uniq_grum, uniq_erolcha
D:11:     nicolae_trove_entry_free_sample
Lair:1:   hangedman_lair_generics_rect
Lair:2:   kennysheep_abandoned_house, st_stairs_5, minivault_24,
          minmay_hedge_maze, serial_bayou_crossing, lemuel_fruit_tree
Lair:3:   grunt_megastairs_1, uniq_harold, uniq_nergalle, uniq_snorg
Lair:5:   dummy_snake_entry, infiniplex_staircase_pool_2, grunt_megastairs_4,
          serial_bayou_shore_b
Lair:6:   swamp_mist, uniq_rupert
Lair:7:   grunt_megastairs_2
Lair:8:   minmay_lair_end_enchanted_forest, slime_dummy, st_stairs_13,
          bh_autumn_forest_stairs

Action                   |  1- 3 |  4- 6 |  7- 9 | 10-12 | 13-15 || total
-------------------------+-------+-------+-------+-------+-------++-------
Melee: Short sword       |    44 |       |       |       |       ||    44
       Spear             |    27 |   165 |   187 |       |       ||   379
       Hunting sling     |       |       |     4 |       |       ||     4
       Rapier            |       |       |    19 |   851 |   688 ||  1558
       Triple sword      |       |       |       |    14 |       ||    14
 Fire: Hunting sling     |       |       |    12 |   185 |   180 ||   377
 Cast: Stoneskin         |       |       |       |    13 |    10 ||    23
       Swiftness         |       |       |       |     1 |       ||     1
       Lee's Rapid Decon |       |       |       |       |    18 ||    18
Invok: Jelly Paralyse    |       |       |       |     1 |       ||     1
       Slimify           |       |       |       |     1 |     1 ||     2
Evoke: Wand              |    15 |     8 |    13 |    48 |     4 ||    88
       Phial of floods   |       |       |       |     1 |       ||     1
  Use: Scroll            |     3 |     2 |     6 |     9 |     6 ||    26
       Potion            |       |     2 |     1 |    16 |     5 ||    24
 Stab: Sleeping          |     7 |     6 |    16 |    46 |    12 ||    87
       Confused          |       |     4 |       |       |       ||     4
       Distracted        |       |       |     2 |     3 |     2 ||     7
  Eat: Chunk             |     1 |     3 |     2 |       |       ||     6
